 Dungeon Crawl Stone Soup version 0.27-a0-819-g058290f16d (webtiles) character file.

Game seed: 7175978318007036518

60 sleeves the Conjurer (level 3, -1/25 HPs)
             Began as a Palentonga Conjurer on Mar 29, 2021.
             Slain by an adder (4 damage)
             ... on level 2 of the Dungeon.
             The game lasted 00:02:36 (1684 turns).

sleeves the Conjurer (Palentonga Conjurer)          Turns: 1684, Time: 00:02:37

Health: -1/25      AC:  4    Str:  8 (10) XL:     3   Next: 82%
Magic:  0/6        EV:  9    Int: 16 (19) God:
Gold:   117        SH:  0    Dex:  6 (8)  Spells: 5/6 levels left

rFire    . . .     SeeInvis +   c - +0 spear
rCold    . . .     Faith    .   (no shield)
rNeg     + . .     Spirit   .   a - +0 robe
rPois    .         Reflect  .   (no helmet)
rElec    .         Harm     .   (no cloak)
rCorr    .         Rampage  .   (no gloves)
Will     .....                  (no barding)
Stlth    +.........             (no amulet)
HPRegen  0.08/turn              d - ring of positive energy
MPRegen  0.10/turn              (no ring)

@: no status effects
A: large, rugged brown scales 3, see invisible, deformed body, roll 1, armoured
tail
a: Rolling Charge


You were on level 2 of the Dungeon.
You visited 1 branch of the dungeon, and saw 2 of its levels.

You collected 117 gold pieces.

Inventory:

Hand Weapons
 c - a +0 spear (weapon)
   (You found it on level 1 of the Dungeon)
Armour
 a - a +0 robe (worn)
 i - a +0 helmet
   (You found it on level 2 of the Dungeon)
Jewellery
 d - a ring of positive energy (left hand)
   (You found it on level 1 of the Dungeon)
Scrolls
 b - a scroll of holy word {unknown}
 e - a scroll of amnesia {unknown}
 g - a scroll of identify {unknown}
 h - 2 scrolls of noise {unknown}


   Skills:
 - Level 1.5 Dodging
 - Level 1.2 Stealth
 - Level 2.0 Spellcasting
 + Level 5.0 Conjurations


You had 5 spell levels left.
You knew the following spells:

 Your Spells              Type           Power      Damage    Failure   Level
a - Magic Dart            Conj           68%        1d6       2%          1

Your spell library contained the following spells:

 Spells                   Type           Power      Damage    Failure   Level
 Searing Ray              Conj           34%        3d4       4%          2
 Dazzling Flash           Conj/Hex       18%        N/A       22%         3
 Fulminant Prism          Conj/Hex       4%         3d6       58%         4
 Iskenderun's Mystic Bla  Conj/Tloc      9%         2d4       58%         4


Dungeon Overview and Level Annotations

Branches:
Dungeon (2/15)

Altars:

Shops:
D:2 =


Innate Abilities, Weirdness & Mutations

You are completely covered in rugged brown scales. (AC +3, +7% HP)
You have supernaturally acute eyesight. (SInv)
Armour fits poorly on your strangely shaped body.
You can roll at nearby foes to attack.
You have a long armoured tail.


Message History

Welcome, sleeves the Palentonga Conjurer.
Will you prevail where others failed? Will you find the Orb of Zot?
Press ? for a list of commands and other information.
Found a staircase leading out of the dungeon.
Found 21 stones.
b - a scroll labelled NITUUT XOZA
Found a spear.
You see here a +0 spear.
A frilled lizard comes into view.
You see here 8 gold pieces.
The magic dart hits the frilled lizard.
You kill the frilled lizard!
Search for what [? for help]? spea
Found 12 gold pieces.
A kobold comes into view. It is wielding a +0 dagger.
There are no items here.
You start resting.
Magic restored.
You now have 8 gold pieces.
A kobold is nearby!
The magic dart hits the kobold.
The kobold is moderately wounded.
The kobold shouts!
You hear a shout!
The magic dart hits the kobold.
The kobold is severely wounded.
The magic dart hits the kobold but does no damage.
The kobold is severely wounded.
The magic dart hits the kobold.
You kill the kobold!
You see here a +0 spear.
c - a +0 spear
c - a +0 spear (weapon)
An endoplasm comes into view.
An endoplasm is nearby!
An endoplasm is nearby!
An endoplasm is nearby!
You start resting.
Magic restored.
A bat comes into view.
A bat is nearby!
A bat is nearby!
The magic dart hits the bat.
The bat is severely wounded.
The magic dart hits the bat.
You kill the bat!
An endoplasm is nearby!
An endoplasm is nearby!
You start resting.
An endoplasm is nearby!
You start resting.
Magic restored.
An endoplasm is nearby!
An endoplasm is nearby!
An endoplasm is nearby!
An endoplasm is nearby!
The magic dart hits the endoplasm.
The endoplasm is heavily wounded.
The endoplasm quivers.
The magic dart hits the endoplasm but does no damage.
The endoplasm is heavily wounded.
You hit the endoplasm.
The endoplasm is almost dead.
The endoplasm hits you.
You hit the endoplasm.
You kill the endoplasm!
No target in view!
No target in view!
HP restored.
Things that are here:
a +0 dagger; a kobold corpse You now have 20 gold pieces (gained 12).
You now have 22 gold pieces (gained 2).
Found a stone staircase leading down.
A ball python comes into view.
The ball python hisses angrily.
A ball python is nearby!
The magic dart hits the ball python.
You kill the ball python!
You can't see any susceptible monsters within range! (Use Z to cast anyway.)
You see here a ball python corpse.
Found a ring mail.
You see here a +0 ring mail.
A kobold comes into view. It is wielding a +0 short sword.
The kobold shouts!
A kobold is nearby!
A kobold is nearby!
The magic dart hits the kobold but does no damage.
The magic dart hits the kobold.
The kobold is moderately wounded.
The kobold throws a stone.
The stone closely misses you.
The magic dart hits the kobold.
You kill the kobold!
Things that are here:
a +0 short sword; 2 stones; a kobold corpse No target in view!
A frilled lizard comes into view.
A frilled lizard is nearby!
A frilled lizard is nearby!
The magic dart hits the frilled lizard.
You kill the frilled lizard!
You can't see any susceptible monsters within range! (Use Z to cast anyway.)
There is an open door here.
A goblin comes into view. It is wielding a +0 club.
A goblin is nearby!
A goblin is nearby!
The magic dart hits the goblin.
You kill the goblin!
Your Conjurations skill increases to level 4!
You can't see any susceptible monsters within range! (Use Z to cast anyway.)
Found a stone staircase leading down.
A bat comes into view.
You see here a ring of positive energy.
A bat is nearby!
A bat is nearby!
d - a ring of positive energy
d - a ring of positive energy (left hand)
The magic dart hits the bat.
The bat is severely wounded.
The magic dart hits the bat.
You kill the bat!
e - a scroll labelled UVUNOJ IGRO
There is a stone staircase leading down here.
An endoplasm comes into view.
An endoplasm is nearby!
The magic dart hits the endoplasm.
The endoplasm is heavily wounded.
The magic dart hits the endoplasm.
You kill the endoplasm!
You have reached level 2!
f - a red potion You open the door.
A giant cockroach comes into view.
A giant cockroach is nearby!
A giant cockroach is nearby!
The magic dart hits the giant cockroach.
The giant cockroach is moderately wounded.
The giant cockroach bites you but does no damage.
You hit the giant cockroach.
You kill the giant cockroach!
No target in view!
No target in view!
Found an escape hatch in the floor.
A hobgoblin comes into view.
A hobgoblin is nearby!
The magic dart hits the hobgoblin but does no damage.
The hobgoblin shouts!
The magic dart hits the hobgoblin.
The hobgoblin is heavily wounded.
The magic dart hits the hobgoblin.
The hobgoblin is severely wounded.
The magic dart hits the hobgoblin.
The hobgoblin is almost dead.
A frilled lizard comes into view.
There are monsters nearby!
The magic dart hits the hobgoblin.
You kill the hobgoblin!
* * * LOW MAGIC WARNING * * *
You reach to attack!
You barely miss the frilled lizard. You barely miss the frilled lizard.
Your tail-slap misses the frilled lizard.
The frilled lizard completely misses you.
You hit the frilled lizard.
You kill the frilled lizard!
No target in view!
No target in view!
No target in view!
No target in view!
No target in view!
No target in view!
A hobgoblin comes into view.
A hobgoblin is nearby!
A hobgoblin is nearby!
The hobgoblin shouts!
You hit the hobgoblin. You tail-slap the hobgoblin.
The hobgoblin is severely wounded.
The hobgoblin misses you.
You hit the hobgoblin.
You kill the hobgoblin!
No target in view!
No target in view!
You now have 34 gold pieces (gained 12).
Things that are here:
a frilled lizard corpse; a hobgoblin corpse You now have 47 gold pieces (gained 13).
A ball python comes into view.
The ball python hisses angrily.
A ball python is nearby!
A ball python is nearby!
The magic dart hits the ball python.
The ball python is severely wounded.
The magic dart hits the ball python.
You kill the ball python!
No target in view!
No target in view!
No target in view!
A goblin comes into view. It is wielding a +0 club.
The goblin shouts!
You hear a shout!
Found a scroll labelled NATHRA LOPIOZ.
A goblin is nearby!
A goblin is nearby!
A goblin is nearby!
You reach to attack!
You hit the goblin.
You kill the goblin!
A hobgoblin comes into view.
Things that are here:
a +0 club; a goblin corpse You reach to attack!
You hit the hobgoblin but do no damage. You hit the hobgoblin.
The hobgoblin is heavily wounded.
The hobgoblin barely misses you.
You barely miss the hobgoblin.
The hobgoblin is heavily wounded.
The hobgoblin hits you. The hobgoblin closely misses you.
You hit the hobgoblin.
You kill the hobgoblin!
No target in view!
You see here a hobgoblin corpse.
g - a scroll labelled NATHRA LOPIOZ You see here a hobgoblin corpse.
Things that are here:
a +0 club; a goblin corpse You now have 57 gold pieces (gained 10).
There is an open door here.
Key pressed, stopping explore.
There is an open door here.
Found a stone staircase leading down.
A goblin comes into view. It is wielding a +0 club.
A goblin is nearby!
A goblin is nearby!
A goblin is nearby!
The magic dart hits the goblin.
The goblin is heavily wounded.
The goblin shouts!
A hobgoblin comes into view.
The magic dart hits the goblin.
You kill the goblin!
The hobgoblin shouts!
The magic dart hits the hobgoblin.
The hobgoblin is almost dead.
An endoplasm comes into view.
The magic dart hits the hobgoblin.
You kill the hobgoblin!
You miscast Magic Dart.
You are very lightly contaminated with residual magic.
Nothing appears to happen.
* * * LOW MAGIC WARNING * * *
You are too depleted to draw on your mana recklessly!
You hit the endoplasm.
The endoplasm is moderately wounded.
The endoplasm closely misses you.
You hit the endoplasm.
You kill the endoplasm!
No target in view!
No target in view!
Your magical contamination has completely faded away.
You now have 69 gold pieces (gained 12).
h - a scroll labelled IVUORGHYONI You see here a +0 club.
Done exploring.
Done exploring.
Done exploring.
(D) Dungeon
Where to? (Enter - D:1 @ (x,y), ? - help)
There is a stone staircase leading down here.
You climb downwards.
Found a scroll labelled IVUORGHYONI.
There is a stone staircase leading up here.
A rat comes into view.
A rat is nearby!
A rat is nearby!
A ball python comes into view.
The rat barely misses you.
Found 4 large rocks.
You hit the rat.
You kill the rat!
Found a stone staircase leading down.
The ball python hisses angrily.
You hit the ball python.
Your tail-slap misses the ball python.
The ball python is moderately wounded.
The ball python barely misses you.
You closely miss the ball python.
The ball python is moderately wounded.
The ball python bites you but does no damage. x2
You barely miss the ball python.
The ball python is moderately wounded.
The ball python bites you but does no damage.
You barely miss the ball python.
The ball python is moderately wounded.
The ball python closely misses you.
You hit the ball python.
You kill the ball python!
No target in view!
h - 2 scrolls labelled IVUORGHYONI (gained 1)
An adder comes into view.
The adder hisses angrily.
An adder is nearby!
An adder is nearby!
The magic dart hits the adder.
The adder is moderately wounded.
The magic dart hits the adder.
The adder is almost dead.
The magic dart hits the adder.
You kill the adder!
You have reached level 3!
Your experience leads to an increase in your attributes!
Increase (S)trength, (I)ntelligence, or (D)exterity?
You feel clever.
Magic restored.
Found an escape hatch in the floor.
You now have 76 gold pieces (gained 7).
An adder comes into view.
The adder hisses angrily.
An adder is nearby!
An adder is nearby!
The magic dart hits the adder.
The adder is heavily wounded.
The magic dart hits the adder but does no damage.
The adder is heavily wounded.
A ball python comes into view.
The magic dart hits the adder.
The adder is heavily wounded.
The ball python hisses angrily.
The magic dart hits the adder.
The adder is severely wounded.
The adder barely misses you.
The magic dart hits the adder.
The adder is almost dead.
The adder bites you but does no damage. The adder bites you.
You are poisoned.
The adder poisons you!
You miscast Magic Dart.
You are very lightly contaminated with residual magic.
Nothing appears to happen.
* * * LOW MAGIC WARNING * * *
You feel sick. The adder barely misses you.
Reach: c) +0 spear
Press: ? - help, Dir - move target, f/p - adder
Aim: an adder (almost dead, about 65% to evade your +0 spear)
You closely miss the adder.
The adder is almost dead.
You feel sick. The adder bites you.
You are more poisoned.
The adder poisons you!
Reach: c) +0 spear
Press: ? - help, Dir - move target, f/p - adder
Aim: an adder (almost dead, about 65% to evade your +0 spear)
You closely miss the adder.
The adder is almost dead.
You feel sick. The ball python barely misses you. The adder closely misses you.
The adder bites you. The ball python barely misses you.
Reach: c) +0 spear
Press: ? - help, Dir - move target, f/p - adder
Aim: an adder (almost dead, about 65% to evade your +0 spear)
You closely miss the adder.
The adder is almost dead.
You feel sick. The adder closely misses you.
The ball python bites you but does no damage.
Reach: c) +0 spear
Press: ? - help, Dir - move target, f/p - adder
Aim: an adder (almost dead, about 65% to evade your +0 spear)
You barely miss the adder.
The adder is almost dead.
You feel sick. The adder bites you but does no damage.
The ball python bites you but does no damage.
You are too injured to fight recklessly!
Casting: Magic Dart (safe; 2% risk of failure)
Confirm with . or Enter, or press ? or * to list all spells.
Aiming: Magic Dart (safe; 2% risk of failure)
Press: ? - help, Shift-Dir - straight line, f/p - adder
Aim: an adder (almost dead, 0% to evade)
The magic dart hits the adder.
You kill the adder!
* * * LOW MAGIC WARNING * * *
You feel sick.
The ball python bites you but does no damage.
Reach: c) +0 spear
Press: ? - help, Dir - move target, f - ball python
Aim: a ball python (about 48% to evade your +0 spear)
You closely miss the ball python.
You feel sick.
The ball python bites you but does no damage.
The ball python bites you.
* * * LOW HITPOINT WARNING * * *
Your magical contamination has completely faded away.
Reach: c) +0 spear
Press: ? - help, Dir - move target, f/p - ball python
Aim: a ball python (about 48% to evade your +0 spear)
You barely miss the ball python.
You feel sick.
You are no longer poisoned.
The ball python bites you but does no damage.
The ball python barely misses you. The ball python barely misses you.
The ball python closely misses you.
Casting: Magic Dart (safe; 2% risk of failure)
Confirm with . or Enter, or press ? or * to list all spells.
Aiming: Magic Dart (safe; 2% risk of failure)
Press: ? - help, Shift-Dir - straight line, f/p - ball python
Aim: a ball python (0% to evade)
The magic dart hits the ball python.
You kill the ball python!
There is a stone staircase leading up here.
You start resting.
A hobgoblin comes into view.
You climb upwards.
There is a stone staircase leading down here.
You start resting.
Magic restored.
You start resting.
HP restored.
You climb downwards.
There is a stone staircase leading up here.
The magic dart hits the hobgoblin.
The hobgoblin is severely wounded.
The hobgoblin shouts!
The magic dart hits the hobgoblin.
You kill the hobgoblin!
You hear a splash.
Magic restored.
Found 33 stones.
You enter the shallow water.
Moving in this stuff is going to be slow.
You now have 94 gold pieces (gained 18).
i - a +0 helmet
Found a stone staircase leading up.
A hobgoblin comes into view.
The hobgoblin shouts!
Found a pair of boots.
You see here a yellow potion.
j - a yellow potion You hit the hobgoblin.
The hobgoblin is severely wounded.
The hobgoblin hits you but does no damage.
You closely miss the hobgoblin.
The hobgoblin is severely wounded.
The hobgoblin barely misses you.
You hit the hobgoblin but do no damage.
The hobgoblin is severely wounded.
The hobgoblin closely misses you.
You hit the hobgoblin.
The hobgoblin is almost dead.
The hobgoblin hits you.
You hit the hobgoblin but do no damage.
The hobgoblin is almost dead.
The hobgoblin barely misses you.
You hit the hobgoblin but do no damage.
The hobgoblin is almost dead.
The hobgoblin hits you.
You barely miss the hobgoblin.
The hobgoblin is almost dead.
The hobgoblin closely misses you.
You barely miss the hobgoblin.
The hobgoblin is almost dead.
The hobgoblin hits you.
* * * LOW HITPOINT WARNING * * *
The hobgoblin hits you but does no damage.
You are too injured to fight recklessly!
You are too injured to fight recklessly!
You are too injured to fight recklessly!
Casting: Magic Dart (safe; 2% risk of failure)
Confirm with . or Enter, or press ? or * to list all spells.
Aiming: Magic Dart (safe; 2% risk of failure)
Press: ? - help, Shift-Dir - straight line, f - hobgoblin
Aim: a hobgoblin (severely wounded, 0% to evade)
The magic dart hits the hobgoblin.
You kill the hobgoblin!
HP restored.
Found 11 poisoned darts.
There is a stone staircase leading up, spattered with blood here.
A worm comes into view.
Found 10 gold pieces.
A worm is nearby!
The magic dart hits the worm.
The worm is moderately wounded.
The magic dart hits the worm!
The worm is severely wounded.
The magic dart hits the worm.
The worm is almost dead.
The magic dart hits the worm.
You kill the worm!
You can't see any susceptible monsters within range! (Use Z to cast anyway.)
You now have 107 gold pieces (gained 13).
You see here a worm corpse.
You now have 117 gold pieces (gained 10).
An adder comes into view.
An adder is nearby!
An adder is nearby!
An adder is nearby!
The magic dart hits the adder.
The adder is heavily wounded.
The adder hisses angrily.
The magic dart hits the adder.
The adder is almost dead.
The magic dart hits the adder.
You kill the adder!
Your Conjurations skill increases to level 5!
Found Kacyvid's Jewellery Shop.
Found a faded altar of an unknown god.
A goblin and a hobgoblin come into view.
The hobgoblin shouts!
You hear an angry hiss.
There is an entrance to Kacyvid's Jewellery Shop here.
There are monsters nearby!
The magic dart hits the goblin.
You kill the goblin!
You can't see any susceptible monsters within range! (Use Z to cast anyway.)
A hobgoblin comes into view.
The magic dart hits the hobgoblin but does no damage.
The magic dart hits the hobgoblin.
The hobgoblin is heavily wounded.
An adder comes into view.
The magic dart hits the hobgoblin.
You kill the hobgoblin!
The magic dart hits the hobgoblin.
The hobgoblin is lightly wounded.
Casting: Magic Dart (safe; 2% risk of failure)
Confirm with . or Enter, or press ? or * to list all spells.
Aiming: Magic Dart (safe; 2% risk of failure)
Press: ? - help, Shift-Dir - straight line, f - adder, p - hobgoblin
Aim: an adder (0% to evade)
The magic dart hits the adder.
The adder is lightly wounded.
Casting: Magic Dart (safe; 2% risk of failure)
Confirm with . or Enter, or press ? or * to list all spells.
Aiming: Magic Dart (safe; 2% risk of failure)
Press: ? - help, Shift-Dir - straight line, f/p - adder
Aim: an adder (lightly wounded, 0% to evade)
The magic dart hits the adder.
The adder is heavily wounded.
* * * LOW MAGIC WARNING * * *
The adder bites you.
You are poisoned.
The adder poisons you!
Reach: c) +0 spear
Press: ? - help, Dir - move target, f/p - adder
Aim: an adder (heavily wounded, about 65% to evade your +0 spear)
You miss the adder.
The adder is heavily wounded.
You feel sick. The adder bites you. The adder completely misses you.
Casting: Magic Dart (safe; 2% risk of failure)
Confirm with . or Enter, or press ? or * to list all spells.
Aiming: Magic Dart (safe; 2% risk of failure)
Press: ? - help, Shift-Dir - straight line, f/p - adder
Aim: an adder (heavily wounded, 0% to evade)
The magic dart hits the adder.
The adder is severely wounded.
* * * LOW MAGIC WARNING * * *
You feel sick. The adder bites you.
You feel sick.
You feel sick. The adder closely misses you.
You feel sick.
You feel sick.
You feel sick.
You are no longer poisoned.
The adder closely misses you. The adder bites you but does no damage.
Casting: Magic Dart (safe; 2% risk of failure)
Confirm with . or Enter, or press ? or * to list all spells.
Aiming: Magic Dart (safe; 2% risk of failure)
Press: ? - help, Shift-Dir - straight line, f/p - adder
Aim: an adder (heavily wounded, 0% to evade)
The magic dart hits the adder.
The adder is severely wounded.
* * * LOW MAGIC WARNING * * *
The adder bites you.
* * * LOW HITPOINT WARNING * * *
The adder bites you.
* * * LOW HITPOINT WARNING * * *
You see here 11 poisoned darts.
The adder bites you.
* * * LOW HITPOINT WARNING * * *
You are lethally poisoned!
The adder poisons you!
It was a potion of degeneration.
There was something very wrong with that liquid.
You feel weakened.
You feel dopey.
You feel clumsy.
* * * LOW HITPOINT WARNING * * *
You feel sick. The adder bites you.
* * * LOW HITPOINT WARNING * * *
You are more poisoned.
The adder poisons you!
It was a potion of curing.
You feel better. The adder bites you.
* * * LOW HITPOINT WARNING * * *
The adder bites you.
You die...

...≈(..≈.#...........#....
..........##<......÷.......
.....###.#######÷.##.......##.
.....###.## #.............)
..........# #..............
..........# ##.............
#.........# #............#.
#.........######...♣...>......
#.#######.##.@....♣.♣...#.....
# #..#S###.♣._.♣..#∩....
#..#g# #..♣.♣......... #..#(#
#...♣.......#.. #..#.#
#.......#...... #
#..#.###..............
#.#.#..#.[.+.......#...##.
#......#..##.......#...##.
#......<..###.##...#...##.


You could see an adder and a hobgoblin.

Vanquished Creatures
  3 adders (D:2)
  A worm (D:2)
  3 endoplasms (D:1)
  A giant cockroach (D:1)
  4 goblins
  7 hobgoblins
  4 ball pythons
  2 bats (D:1)
  3 frilled lizards (D:1)
  2 kobolds (D:1)
  A rat (D:2)
31 creatures vanquished.

Notes
Turn   | Place    | Note
-------+----------+-------------------------------------------
     0 | D:1      | sleeves the Palentonga Conjurer began the quest for the
                  | Orb.
     0 | D:1      | Reached XP level 1. HP: 13/13 MP: 3/3
   410 | D:1      | Reached skill level 4 in Conjurations
   470 | D:1      | Reached XP level 2. HP: 20/20 MP: 1/5
  1034 | D:2      | Reached XP level 3. HP: 25/25 MP: 2/6
  1096 | D:2      | HP: 11/25 [poisoned by an adder]
  1387 | D:2      | HP: 12/25 [hobgoblin (6)]
  1601 | D:2      | Reached skill level 5 in Conjurations
  1638 | D:2      | Found Kacyvid's Jewellery Shop.
  1642 | D:2      | Found a faded altar of an unknown god.
  1670 | D:2      | HP: 12/25 [poisoned by an adder]
  1676 | D:2      | HP: 10/25 [adder (1)]
  1681 | D:2      | HP: 5/25 [adder (2)]
  1682 | D:2      | HP: 1/25 [adder (2)]
  1684 | D:2      | Slain by an adder

Illustrated notes

Levels and vault maps discovered:
D:1:      minmay_arrival_diagonal_passages, layout_basic
D:2:      minmay_angry_zag, layout_basic, serial_shops, shop, shop_coins,
          shop_statue, shop, chequers_ecumenical_altar_simple_redux,
          chequers_serial_rivers_micro_c, corner_web_ring, uniq_sigmund

Skill      XL: |  1  2  3 |
---------------+----------+-----
Conjurations   | 4 5 |  5.0
Dodging        | |  1.5
Stealth        | |  1.2
Spellcasting   | |  2.0

Action                   || total
-------------------------++-------
Melee: Spear             ||    36
       Tailslap          ||     1
 Cast: Magic Dart        ||    60
  Use: Potion            ||     2
Armor: Robe              ||    14
Dodge: Dodged            ||    25

Table legend: (Time is in decaauts)
 A = Elapsed time spent in this place.
 B = Non-inter-level travel time spent in this place.
 C = Inter-level travel time spent in this place.
 D = Time resting spent in this place.
 E = Time spent auto-exploring this place.
 F = Levels seen in this place.
 G = Mean time per level.
                   A        B        C        D        E       F      G
               +--------+--------+--------+--------+--------+-----+--------+
         Total |   1687 |   1674 |     13 |    248 |   1204 |   2 |  843.5 |
       Dungeon |   1687 |   1674 |     13 |    248 |   1204 |   2 |  843.5 |
               +--------+--------+--------+--------+--------+-----+--------+

Top non-repeatable levels by time:
     D:1: 1195 daAuts
     D:2: 492 daAuts
